 Dungeon Crawl Stone Soup version 0.31-a0-187-gba352fbbf7 (webtiles) character file.

Game seed: 16161096901490484793

15 qw the Shooter (level 2, -8/16 HPs)
             Began as a Deep Elf Hunter on June 22, 2023.
             Killed from afar by Natasha (9 damage)
             ... with a magic dart
             ... on level 1 of the Dungeon.
             The game lasted 00:00:14 (817 turns).

qw the Shooter (Deep Elf Hunter)                     Turns: 817, Time: 00:00:14

Health: -8/16      AC:  4    Str:  8    XL:     2   Next: 34%
Magic:  4/4        EV: 13    Int: 13    God:
Gold:   8          SH:  0    Dex: 18    Spells: 1/1 levels left

rFire   + . .        Y - +1 shortbow
rCold   . . .        (shield currently unavailable)
rNeg    + . .        d - +2 robe {rF+}
rPois   .            (no helmet)
rElec   .            (no cloak)
rCorr   .            (no gloves)
SInv    .            (no boots)
Will    .....        (no amulet)
Stlth   ++           k - ring of positive energy
HPRegen 0.22/turn    (no ring)
MPRegen 0.09/turn

%: no passive effects
@: lethally poisoned (-8 -> -9)
A: no striking features
a: no special abilities


You were on level 1 of the Dungeon.
You visited 1 branch of the dungeon, and saw 2 of its levels.

You collected 8 gold pieces.


   Skills:
 - Level 1.5 Fighting
 + Level 6.2 Ranged Weapons
 - Level 2.4 Dodging
 - Level 1.2 Stealth


You had one spell level left.
You didn't know any spells.
Your spell library was empty.

Inventory:

Hand Weapons
 Y - a +1 shortbow (weapon)
Armour
 d - a +2 robe of fire resistance (worn)
Jewellery
 k - a ring of positive energy (left hand)
Potions
 h - a potion of heal wounds {unknown}
 i - a potion of cancellation {unknown}
 j - a potion of invisibility {unknown}

Dungeon Overview and Level Annotations

Branches:
Dungeon (2/15)

Altars:

Annotations:
D:1 Natasha


Message History

The arrow hits the bat but does no damage.
The bat barely misses you.
You shoot an arrow. The arrow closely misses the bat.
The bat hits you but does no damage.
You shoot an arrow. The arrow hits the adder.
The adder is lightly wounded.
The bat hits you but does no damage. The adder bites you.
811 ||| STAIRDANCE Natasha claws you.
The adder bites you but does no damage.
You climb upwards.
There is a stone staircase leading down here.
Enter note:
Enter note:
Enter note:
Enter note:
Enter note: You shoot an arrow.
The arrow hits the adder!
The adder is severely wounded.
The adder bites you. Natasha misses you. The adder bites you.
Natasha closely misses you.
You shoot an arrow. The arrow barely misses the adder.
The adder bites you but does no damage. Natasha claws you but does no damage.
You shoot an arrow. The arrow closely misses the adder.
The adder bites you.
You are poisoned.
The adder poisons you!
Natasha growls.
Natasha barely misses you. The adder misses you.
You shoot an arrow.
The arrow hits the adder but does no damage.
The adder is severely wounded.
You feel sick. The adder completely misses you. Natasha closely misses you.
You shoot an arrow. The arrow closely misses the adder.
You feel sick. The adder bites you.
Natasha wildly gestures.
Natasha glows brightly for a moment.
Natasha casts a spell at you. The magic dart hits you!
Ouch! That really hurt!
You die...

########## #####
#........###...### ##########
#........'...#...###.........
#(.......#######.....########
#......?.+.S## #######~~~~~~~
#........##h@####### #~~~~...
#..................# #~~~....
#..................# #~~.....
#..................# #~~~....
########...........# #~~.....
############...........#
#~...~~.
#..........#...........#
#~~.~~~~
#..........#...........#
#~..~<~~
#..........#...........#
#~..~~~.


You could see Natasha and an adder.

Vanquished Creatures
  A dart slug (D:1)
  2 endoplasms (D:1)
  A giant cockroach (D:1)
  A goblin (D:1)
  2 hobgoblins (D:1)
  A quokka (D:1)
  2 ball pythons (D:1)
  2 kobolds (D:1)
12 creatures vanquished.

Notes
Turn   | Place    | Note
-------+----------+-------------------------------------------
     0 | D:1      | qw the Deep Elf Hunter began the quest for the Orb.
     0 | D:1      | Reached XP level 1. HP: 12/12 MP: 3/3
     0 | D:1      | 0 ||| qw: Version: 0.3-a-9-g12657ce
     0 | D:1      | 0 ||| qw: Game counter: 2021
     0 | D:1      | 0 ||| qw: Always use a shield: true
     0 | D:1      | 0 ||| qw: God list: Okawaru
     0 | D:1      | 0 ||| qw: Allow faded altars: false
     0 | D:1      | 0 ||| qw: Do Orc after D:15 true
     0 | D:1      | 0 ||| qw: Do second Lair branch before Depths: true
     0 | D:1      | 0 ||| qw: Lair rune preference: random
     0 | D:1      | 0 ||| qw: Plans: Normal
     0 | D:1      | 0 ||| PLANNING D:1-11
   168 | D:1      | Found a faded altar of an unknown god.
   260 | D:1      | Reached skill level 6 in Ranged Weapons
   260 | D:1      | Reached XP level 2. HP: 16/16 MP: 4/4
   784 | D:1      | 784 ||| UPGRADING to +2 robe of fire resistance.
   794 | D:1      | 794 ||| DROPPING +0 leather armour.
   795 | D:1      | 795 ||| UPGRADING to ring of positive energy.
   796 | D:1      | 796 ||| READING scroll labelled BAUDOTECO.
   797 | D:1      | 797 ||| READING scroll labelled RUCAUTAKKE.
   798 | D:1      | 798 ||| READING scroll labelled HEAD UTO OGEO.
   799 | D:1      | 799 ||| READING scroll labelled GUTUASMAFEO.
   800 | D:1      | 800 ||| DROPPING scroll of butterflies.
   807 | D:2      | Noticed Natasha
   811 | D:2      | 811 ||| STAIRDANCE
   816 | D:1      | HP: 3/16 [poisoned by an adder]
   817 | D:1      | HP: 1/16 [adder (1)]
   817 | D:1      | Killed from afar by Natasha

Levels and vault maps discovered:
D:1:      dpeg_arrival_more_subterranean_lakeside_camping, layout_basic,
          shapermc_ecumenical_altar_mp_vishouse, minmay_stone_trees_medium,
          minmay_misc_feat_diagonals
D:2:      layout_loops_corners, uniq_natasha, uniq_terence

Skill      XL: |  1 |
---------------+----+-----
Ranged Weapons | 6 |  6.2
Fighting       | |  1.5
Dodging        | |  2.4
Stealth        | |  1.2

Action                     || total
---------------------------++-------
   Fire: Shortbow          ||    46
    Use: Scroll            ||     4
 Armour: Robe              ||     5
         Leather armour    ||     3
  Dodge: Dodged            ||    15

Table legend:
 A = Non-vault XP
 B = Vault XP
 C = Vault XP percentage of total XP
 D = Non-vault monster count
 E = Vault monster count
 F = Vault count percentage of total count
                 A         B        C        D         E       F
            +---------+---------+-------+---------+---------+-------
      Total |      22 |       0 |   0.0 |      12 |       0 |   0.0
            +---------+---------+-------+---------+---------+-------
        D:1 |      22 |       0 |   0.0 |      12 |       0 |   0.0
            +---------+---------+-------+---------+---------+-------
